 Dungeon Crawl Stone Soup version 0.28-b1-25-g9875b3fc8c (webtiles) character file.

Game seed: 13914980447370157832

37 cbfl8 the Sneak (level 3, -1/33 HPs)
             Began as a Minotaur Delver on Feb 2, 2022.
             Slain by an orc wizard (2 damage)
             ... on level 5 of the Dungeon.
             The game lasted 00:00:18 (63 turns).

cbfl8 the Sneak (Minotaur Delver)                     Turns: 63, Time: 00:00:18

Health: -1/33      AC:  3    Str: 18    XL:     3   Next: 23%
Magic:  2/2        EV: 12    Int:  7    God:
Gold:   12         SH:  0    Dex: 11    Spells: 2/2 levels left

rFire   . . .      SeeInvis .   a - +0 hand axe
rCold   . . .      Faith    .   (no shield)
rNeg    . . .      Spirit   .   b - +0 leather armour
rPois   .          Reflect  .   (helmet restricted)
rElec   .          Harm     .   (no cloak)
rCorr   .          Rampage  .   (no gloves)
Will    .....                   (no boots)
Stlth   +.........              (no amulet)
HPRegen 0.11/turn               (no ring)
MPRegen 0.08/turn               (no ring)

@: confused
A: horns 2, retaliatory headbutt
a: no special abilities


You were on level 5 of the Dungeon.
You visited 1 branch of the dungeon, and saw 1 of its levels.

You collected 12 gold pieces.

Inventory:

Hand Weapons
 a - a +0 hand axe (weapon)
Armour
 b - a +0 leather armour (worn)
Wands
 g - a wand of digging (3)
Scrolls
 c - a scroll of fog
 d - a scroll of magic mapping
 e - a scroll of fear
Potions
 f - a potion of haste


   Skills:
 + Level 3.9 Fighting
 + Level 2.6 Axes
 + Level 2.3 Dodging
 + Level 4.8 Stealth


You had 2 spell levels left.
You didn't know any spells.
Your spell library was empty.

Dungeon Overview and Level Annotations

Branches:
Dungeon (5/15)             Temple (0/1) D:5

Altars:
Ashenzari


Innate Abilities, Weirdness & Mutations

You have a pair of horns on your head.
You reflexively headbutt those who attack you in melee.


Message History

You hear some strange, mumbled words.
Something tries to affect you, but you resist.
The orc wizard gestures at you while chanting.
You are more confused.
You bump into the rock wall.
The orc wizard points at you and mumbles some strange words.
You resist with significant effort.
You bump into the rock wall.
Something hits you but does no damage.
The orc wizard gestures at you while chanting.
You are more confused.
You miss the orc wizard. Your headbutt misses the orc wizard.
The orc wizard is lightly wounded.
You completely miss something.
You hear some strange, mumbled words.
Something tries to affect you, but you resist.
The orc wizard hits you with a +0 dagger.
You closely miss something. Your headbutt misses something.
You barely miss the orc wizard. Something hits you but does no damage.
The orc wizard hits you but does no damage.
Something hits you.
You barely miss the butterfly. You miss something.
You closely miss the orc wizard. Something hits you.
The orc wizard hits you with a +0 dagger.
Something barely misses you.
You're too confused to move!
The orc wizard casts a spell at you.
You are more confused.
Something hits you.
* * * LOW HITPOINT WARNING * * *
You completely miss something. Your headbutt misses something.
You closely miss the orc wizard.
The orc wizard hits you with a +0 dagger.
* * * LOW HITPOINT WARNING * * *
Something hits you.
* * * LOW HITPOINT WARNING * * *
The orc wizard misses you. Something hits you.
* * * LOW HITPOINT WARNING * * *
The orc wizard points at you and mumbles some strange words.
You resist with significant effort. Something hits you.
You die...

###.## ###....#
....>. #)...
#... #..#
#..#########
#####.)b.......#
#...@......###.#
##.###o..##.#
.........##.#
##..<...###.#
#..##.## #.# #..
#.# #.# #. #.#
#.###.# # #.#
#.....#
...####.#####


You could see an orc wizard.

Vanquished Creatures
  An orc priest (D:5)
  An adder (D:5)
2 creatures vanquished.

Notes
Turn   | Place    | Note
-------+----------+-------------------------------------------
     0 | D:5      | cbfl8 the Minotaur Delver began the quest for the Orb.
     0 | D:5      | Reached XP level 1. HP: 19/19 MP: 0/0
     1 | D:5      | Found a broken altar of Ashenzari.
    28 | D:5      | Reached XP level 2. HP: 27/27 MP: 1/1
    39 | D:5      | Found a staircase to the Ecumenical Temple.
    49 | D:5      | Reached XP level 3. HP: 18/33 MP: 2/2
    62 | D:5      | HP: 1/33 [something (1)]
    63 | D:5      | Slain by an orc wizard

Illustrated notes

Levels and vault maps discovered:
D:5:      layout_loops_ring, mainiacjoe_overflow_concentric_impassable,
          nicolae_ashenzari_panopticon, minmay_temple_entry_butterflies,
          hangedman_decor_opposing, uniq_grinder, uniq_edmund

Action                   || total
-------------------------++-------
Melee: Hand axe          ||     7
Armor: Leather armour    ||     3
Dodge: Dodged            ||     4
